 Dungeon Crawl Stone Soup version 0.26-a0-27-g1f0226971c (webtiles) character file.

Game seed: 9709518363478837374, levelgen mode: deterministic

4070 Lanoc the Quickloader (level 10, -11/77 HPs)
             Began as a Gnoll Hunter on May 27, 2020.
             Was a Believer of the Shining One.
             Mangled by a meliai
             ... wielding a +0 hand axe
              (14 damage)
             ... on level 11 of the Dungeon.
             The game lasted 00:15:09 (8555 turns).

Lanoc the Quickloader (Gnoll Hunter)                Turns: 8555, Time: 00:15:09

Health: -11/77     AC: 11    Str: 15    XL:     10   Next: 25%
Magic:  17/17      EV: 17    Int: 13    God:    the Shining One [**....]
Gold:   451        SH:  5    Dex: 19    Spells: 19/19 levels left

rFire    . . .     SeeInvis .   b - +0 hunting sling
rCold    . . .     Gourm    .   (no shield)
rNeg     + . .     Faith    .   d - +0 troll leather armour {Purgy}
rPois    +         Spirit   .   g - +1 helmet
rElec    .         Reflect  +   (no cloak)
rCorr    .         Harm     .   (no gloves)
MR       .....                  (no boots)
Stlth    ++........             L - amulet of reflection
HPRegen  0.62/turn              n - +4 ring of protection
MPRegen  0.15/turn              D - ring of poison resistance

@: lethally poisoned (-11 -> -11), about to teleport, very slightly
contaminated, hasted and slowed, glowing
A: distributed training, fangs 1, strong nose
a: Divine Shield, Renounce Religion


You were on level 11 of the Dungeon.
You worshipped the Shining One.
The Shining One was pleased with you.
You were not hungry.

You visited 2 branches of the dungeon, and saw 11 of its levels.
You also visited: Sewer.

You collected 451 gold pieces.

Inventory:

Hand Weapons
 a - a +2 hand crossbow
 b - a +0 hunting sling (weapon)
 m - a +0 short sword
Missiles
 c - 24 bolts
 i - 203 stones (quivered)
 p - 62 sling bullets
 q - 108 arrows
 s - 11 atropa-tipped darts
Armour
 d - a +0 troll leather armour (worn) {Purgy}
 g - a +1 helmet (worn)
Jewellery
 n - a +4 ring of protection (left hand)
 D - a ring of poison resistance (right hand)
 H - an uncursed ring of protection from cold
 L - an amulet of reflection (around neck)
Wands
 e - a wand of disintegration (7)
 v - a wand of acid (5)
 w - a wand of flame (5)
 y - a wand of polymorph (8)
Scrolls
 h - 3 scrolls of enchant weapon
 j - 7 scrolls of identify
 o - a scroll of remove curse
 r - a scroll of random uselessness
 t - 2 scrolls of fog
 z - 2 scrolls of magic mapping
 F - a scroll of blinking
 I - a scroll of immolation {unknown}
 K - 2 scrolls of enchant armour
Potions
 k - a potion of degeneration {unknown}
 l - 4 potions of stabbing {unknown}
 u - 4 potions of haste
 x - 4 potions of curing {unknown}
 A - 2 potions of flight
 C - a potion of ambrosia
 E - a potion of brilliance {unknown}
 G - a potion of mutation {unknown}
 M - a potion of resistance {unknown}
Comestibles
 f - 17 rations
 J - a chunk of flesh


   Skills:
 + Level 6.8 Fighting
 + Level 5.0 Short Blades
 + Level 5.0 Long Blades
 + Level 5.0 Axes
 + Level 5.0 Maces & Flails
 + Level 5.0 Polearms
 + Level 5.0 Staves
 + Level 5.0 Slings
 + Level 5.0 Bows
 + Level 9.9 Crossbows
 + Level 5.0 Throwing
 + Level 5.0 Armour
 + Level 6.8 Dodging
 + Level 5.6 Stealth
 + Level 5.0 Shields
 + Level 5.0 Unarmed Combat
 + Level 5.0 Spellcasting
 + Level 4.1 Conjurations
 + Level 4.1 Hexes
 + Level 4.1 Charms
 + Level 4.1 Summonings
 + Level 4.1 Necromancy
 + Level 4.1 Translocations
 + Level 4.1 Transmutations
 + Level 4.1 Fire Magic
 + Level 4.1 Ice Magic
 + Level 4.1 Air Magic
 + Level 4.1 Earth Magic
 + Level 4.1 Poison Magic
 + Level 5.5 Invocations
 + Level 5.0 Evocations


You had 19 spell levels left.
You didn't know any spells.
Your spell library contained the following spells:

 Spells                   Type           Power        Failure   Level  Hunger
 Corona                   Hex            ##.....      4%          1    None
 Ensorcelled Hibernation  Hex/Ice        ##....       6%          2    ##.....
 Slow                     Hex            ##......     6%          2    ##.....
 Confusing Touch          Hex            ##......     12%         3    ###....
 Dazzling Flash           Conj/Hex       ##....       12%         3    ###....
 Inner Flame              Hex/Fire       ##......     12%         3    ###....
 Portal Projectile        Hex/Tloc       ##....       12%         3    ###....
 Tukima's Dance           Hex            ##......     12%         3    ###....
 Cause Fear               Hex            ##........   38%         4    ####...
 Leda's Liquefaction      Hex/Erth       ##........   38%         4    ####...


Dungeon Overview and Level Annotations

Branches:
Dungeon (9/15)             Temple (1/1) D:5           Sewer (visited)
   Lair: D:8-11         Orc: D:9-12

Altars:
Ashenzari
Cheibriados
Dithmenos
Elyvilon
Fedhas
Gozag
Hepliaklqana
Kikubaaqudgha
Makhleb
Nemelex Xobeh
Okawaru
Qazlal
Ru
Sif Muna
Vehumet
Wu Jian
Xom
Yredelemnul
Zin
The Shining One

Annotations:
D:8 3 runed translucent doors, MisterFreud's ghost, novice GnVM


Innate Abilities, Weirdness & Mutations

Your experience applies equally to all skills.
You have very sharp teeth.
Your uncanny sense of smell can sniff out nearby items.


Message History

Press: ? - help, Dir - move target cursor
As you read the scroll of blinking, it crumbles to dust.
You feel sick.
The yaktaur moves out of view. x2; The yak moves out of view.
The kobold moves out of view.
As you read the scroll of teleportation, it crumbles to dust.
You feel strangely unstable.
You feel sick.
The centaur wields a +2 shortbow of flaming.
It bursts into flame!
The centaur shoots an arrow.
The arrow completely misses you. The bullfrog closely misses you. x2
The centaur shoots an arrow.
The arrow closely misses you.
It was a potion of haste.
You feel yourself speed up.
You feel sick. You block the bullfrog's attack. The meliai misses you.
The meliai stings you but does no damage.
The centaur shoots an arrow.
The arrow hits you!
* * * LOW HITPOINT WARNING * * *
The arrow burns you.
* * * LOW HITPOINT WARNING * * *
The bullfrog misses you.
The centaur shoots an arrow.
The arrow closely misses you. The meliai hits you with a +0 hand axe!
You die...

#.......≈
#.......≈
#.......≈
#.......≈
#......≈≈
#......≈.
#.....≈≈.
#@....≈....
#yF..≈≈...
#...^≈c..#
#....≈...#
#....≈...#
#..?.≈≈..#
#.....≈≈c#+#.
#....K.≈.....
#......≈...yc


You could see a yaktaur (wandering), a meliai, a bullfrog, a centaur and a
kobold.

Vanquished Creatures
  A two-headed ogre (D:8)
  A hippogriff (D:8)
  Sigmund (D:2)
  A hungry ghost (D:7)
  4 sky beasts
  Purgy (Sewer)
  2 ice beasts (D:7)
  An orc warrior (D:7)
  2 centaurs
  3 ogres
  2 big kobolds
  2 bullfrogs
  A wyvern skeleton (D:9)
  7 killer bees
  3 crimson imps
  A bullfrog zombie (D:5)
  A quasit (D:6)
  2 jellies
  4 hounds
  8 orc wizards
  4 bullfrog skeletons
  An orc priest (D:3)
  Natasha (thrice) (D:2)
  3 worker ants
  An iguana (D:4)
  2 killer bee zombies
  5 gnolls
  10 adders
  2 shadow imps
  An ooze (D:3)
  A worm (D:2)
  3 dart slugs (D:1)
  5 leopard geckos
  24 orcs
  4 bats
  11 giant cockroaches
  6 goblins
  9 hobgoblins
  4 jackals (D:3)
  3 quokkas
  A ball python skeleton (D:4)
  2 frilled lizards (D:1)
  11 kobolds
  A leopard gecko skeleton (D:7)
  5 rats
  A butterfly (D:8)
171 creatures vanquished.

Notes
Turn   | Place    | Note
-------+----------+-------------------------------------------
     0 | D:1      | Lanoc the Gnoll Hunter began the quest for the Orb.
     0 | D:1      | Reached XP level 1. HP: 20/20 MP: 1/1
    45 | D:1      | Reached XP level 2. HP: 23/26 MP: 2/2
   184 | D:1      | Reached XP level 3. HP: 31/31 MP: 3/3
   366 | D:1      | Reached skill level 1 in Invocations
   577 | D:2      | Noticed Sigmund
   629 | D:2      | Reached skill level 1 in Short Blades
   629 | D:2      | Reached skill level 1 in Long Blades
   629 | D:2      | Reached skill level 1 in Axes
   629 | D:2      | Reached skill level 1 in Maces & Flails
   629 | D:2      | Reached skill level 1 in Polearms
   629 | D:2      | Reached skill level 1 in Staves
   629 | D:2      | Reached skill level 1 in Slings
   629 | D:2      | Reached skill level 1 in Bows
   629 | D:2      | Reached skill level 1 in Throwing
   629 | D:2      | Reached skill level 1 in Armour
   629 | D:2      | Reached skill level 1 in Shields
   629 | D:2      | Reached skill level 1 in Unarmed Combat
   629 | D:2      | Reached skill level 1 in Spellcasting
   629 | D:2      | Reached skill level 1 in Evocations
   629 | D:2      | Reached XP level 4. HP: 31/38 MP: 5/5
   893 | D:2      | Noticed Natasha
   917 | D:2      | Killed Natasha
   917 | D:2      | Reached skill level 1 in Conjurations
   917 | D:2      | Reached skill level 1 in Hexes
   917 | D:2      | Reached skill level 1 in Charms
   917 | D:2      | Reached skill level 1 in Summonings
   917 | D:2      | Reached skill level 1 in Necromancy
   917 | D:2      | Reached skill level 1 in Translocations
   917 | D:2      | Reached skill level 1 in Transmutations
   917 | D:2      | Reached skill level 1 in Fire Magic
   917 | D:2      | Reached skill level 1 in Ice Magic
   917 | D:2      | Reached skill level 1 in Air Magic
   917 | D:2      | Reached skill level 1 in Earth Magic
   917 | D:2      | Reached skill level 1 in Poison Magic
  1063 | D:2      | Found a white marble altar of Elyvilon.
  1526 | D:2      | Killed Sigmund
  1526 | D:2      | Reached XP level 5. HP: 23/43 MP: 5/7
  1526 | D:2      | Reached XP level 6. HP: 26/50 MP: 5/8
  1705 | D:2      | Noticed Natasha
  1707 | D:2      | Killed Natasha
  1725 | D:2      | Noticed Natasha
  1730 | D:2      | Killed Natasha
  1730 | D:2      | Reached skill level 5 in Fighting
  1730 | D:2      | Reached skill level 5 in Dodging
  2583 | D:4      | Reached XP level 7. HP: 56/56 MP: 10/10
  3370 | D:5      | Entered Level 5 of the Dungeon
  3732 | D:5      | Found a glowing drain.
  3736 | Sewer    | Entered a sewer
  3771 | Sewer    | Noticed Purgy
  3839 | Sewer    | Killed Purgy
  3839 | Sewer    | Reached skill level 9 in Crossbows
  4081 | D:5      | Reached XP level 8. HP: 63/63 MP: 12/12
  4126 | D:5      | Found a staircase to the Ecumenical Temple.
  4150 | Temple   | Entered the Ecumenical Temple
  4191 | Temple   | Became a worshipper of the Shining One
  4267 | D:5      | Found an ornate altar of the Wu Jian Council.
  6077 | D:7      | Reached * piety under the Shining One
  6243 | D:7      | Reached XP level 9. HP: 64/69 MP: 14/14
  6316 | D:7      | Found a radiant altar of Vehumet.
  6316 | D:7      | Found an iron altar of Okawaru.
  6521 | D:7      | Found a shadowy altar of Dithmenos.
  6874 | D:7      | Found a hazy altar of Hepliaklqana.
  6905 | D:7      | Found a blossoming altar of Fedhas.
  7144 | D:8      | Found a sparkling altar of Nemelex Xobeh.
  7300 | D:8      | Reached skill level 5 in Stealth
  7476 | D:8      | Found a shimmering altar of Xom.
  7490 | D:8      | Found a runed translucent gate.
  7490 | D:8      | Found a runed translucent gate.
  7490 | D:8      | Found a runed translucent gate.
  7651 | D:8      | Reached skill level 5 in Invocations
  7679 | D:8      | Found a shimmering blue altar of Sif Muna.
  7757 | D:8      | Noticed a two-headed ogre
  7767 | D:8      | Killed a two-headed ogre
  7767 | D:8      | Reached XP level 10. HP: 61/77 MP: 15/17
  7834 | D:8      | Found a shimmering altar of Xom.
  7959 | D:8      | Reached skill level 5 in Short Blades
  7959 | D:8      | Reached skill level 5 in Long Blades
  7959 | D:8      | Reached skill level 5 in Axes
  7959 | D:8      | Reached skill level 5 in Maces & Flails
  7959 | D:8      | Reached skill level 5 in Polearms
  7959 | D:8      | Reached skill level 5 in Staves
  7959 | D:8      | Reached skill level 5 in Slings
  7959 | D:8      | Reached skill level 5 in Bows
  7959 | D:8      | Reached skill level 5 in Throwing
  7959 | D:8      | Reached skill level 5 in Armour
  7959 | D:8      | Reached skill level 5 in Shields
  7959 | D:8      | Reached skill level 5 in Unarmed Combat
  7959 | D:8      | Reached skill level 5 in Spellcasting
  7959 | D:8      | Reached skill level 5 in Evocations
  8100 | D:8      | Noticed MisterFreud's ghost (novice GnVM)
  8231 | D:8      | Reached ** piety under the Shining One
  8366 | D:9      | Found a stormy altar of Qazlal.
  8546 | D:9      | You fall into a shaft and drop 2 floors!
  8547 | D:11     | Noticed a guardian serpent
  8547 | D:11     | Noticed a two-headed ogre
  8547 | D:11     | Noticed a two-headed ogre
  8555 | D:11     | HP: 3/77 [centaur/arrow (2)]
  8555 | D:11     | Mangled by a meliai

Illustrated notes

Levels and vault maps discovered:
D:1:      tarquinn_simple_flora_water_d, layout_basic
D:2:      layout_basic, nicolae_overflow_crystal_walls, uniq_natasha,
          uniq_sigmund
D:3:      layout_rooms, first_ration
D:4:      layout_rooms, hangedman_glass_teeth
D:5:      layout_basic, lemuel_doored_altar, minmay_temple_entry_tees,
          gup_sewer_entry_bowl, supply_closet_lemuel
D:6:      layout_loops_corners
D:7:      layout_basic, nicolae_overflow_hidden_temple,
          nicolae_dithmenos_shadow_blocks
D:8:      layout_loops_ring, lemuel_round_altar, xom_butterflies,
          old_standard_altar, basic_altar, gammafunk_ghost_icy
D:9:      layout_loops_corners, kennysheep_mini_moat,
          nicolae_qazlal_general_emergency, zombieorc2_lemuel
D:11:     fort_yaktaur, layout_basic, serial_shops, nicolae_shop_waterfront,
          blue_anna_alchemist [blue_anna_fruit_fields, blue_anna_fruit_fields],
          nrook_guardian_serpent_double
Temple:   jpeg_temple_island

Skill      XL: |  1  2  3  4  5  6  7  8  9 10 |
---------------+-------------------------------+-----
Invocations    | 1 2 3 4 5 |  5.5
Short Blades   | 1 2 3 4 5 |  5.0
Long Blades    | 1 2 3 4 5 |  5.0
Axes           | 1 2 3 4 5 |  5.0
Maces & Flails | 1 2 3 4 5 |  5.0
Polearms       | 1 2 3 4 5 |  5.0
Staves         | 1 2 3 4 5 |  5.0
Slings         | 1 2 3 4 5 |  5.0
Bows           | 1 2 3 4 5 |  5.0
Throwing       | 1 2 3 4 5 |  5.0
Armour         | 1 2 3 4 5 |  5.0
Shields        | 1 2 3 4 5 |  5.0
Unarmed Combat | 1 2 3 4 5 |  5.0
Spellcasting   | 1 2 3 4 5 |  5.0
Evocations     | 1 2 3 4 5 |  5.0
Conjurations   | 1 2 3 4 |  4.1
Hexes          | 1 2 3 4 |  4.1
Charms         | 1 2 3 4 |  4.1
Summonings     | 1 2 3 4 |  4.1
Necromancy     | 1 2 3 4 |  4.1
Translocations | 1 2 3 4 |  4.1
Transmutations | 1 2 3 4 |  4.1
Fire Magic     | 1 2 3 4 |  4.1
Ice Magic      | 1 2 3 4 |  4.1
Air Magic      | 1 2 3 4 |  4.1
Earth Magic    | 1 2 3 4 |  4.1
Poison Magic   | 1 2 3 4 |  4.1
Stealth        | 3 4 5 |  5.6
Fighting       | 5 6 |  6.8
Dodging        | 5 6 |  6.8
Crossbows      | 9 |  9.9

Action                   |  1- 3 |  4- 6 |  7- 9 | 10-12 || total
-------------------------+-------+-------+-------+-------++-------
Melee: Short sword       |     2 |   129 |    95 |       ||   226
       Bite              |       |    16 |    14 |       ||    30
       Hand crossbow     |       |     1 |       |       ||     1
       Punch             |       |     1 |       |       ||     1
 Fire: Hand crossbow     |    62 |    41 |    74 |     1 ||   178
       Hunting sling     |       |       |   558 |    73 ||   631
Throw: Stone             |       |     5 |       |       ||     5
  Use: Scroll            |       |       |    11 |     6 ||    17
       Potion            |       |       |     3 |     1 ||     4
 Stab: Sleeping          |       |     4 |     2 |       ||     6
  Eat: Chunk             |       |     5 |    18 |     2 ||    25
Armor: Leather armour    |     2 |    36 |    49 |       ||    87
       Troll leather arm |       |       |   129 |    11 ||   140
Dodge: Dodged            |    15 |   126 |   391 |    36 ||   568
Block: Other             |       |       |    30 |     9 ||    39
       Reflection        |       |       |       |     2 ||     2

Table legend:
 A = Non-vault XP
 B = Vault XP
 C = Vault XP percentage of total XP
 D = Non-vault monster count
 E = Vault monster count
 F = Vault count percentage of total count
                 A         B        C        D         E       F
            +---------+---------+-------+---------+---------+-------
      Total |    5322 |     493 |   8.5 |     160 |      10 |   5.9
            +---------+---------+-------+---------+---------+-------
        D:1 |      73 |       0 |   0.0 |      24 |       0 |   0.0
        D:2 |     121 |     249 |  67.3 |      16 |       2 |  11.1
        D:3 |     113 |       0 |   0.0 |      19 |       0 |   0.0
        D:4 |     234 |       0 |   0.0 |      13 |       0 |   0.0
        D:5 |     363 |       5 |   1.4 |      18 |       2 |  10.0
        D:6 |     387 |       0 |   0.0 |      13 |       0 |   0.0
        D:7 |    1703 |       0 |   0.0 |      29 |       0 |   0.0
        D:8 |    2100 |       0 |   0.0 |      22 |       0 |   0.0
        D:9 |     228 |       0 |   0.0 |       6 |       0 |   0.0
      Sewer |       0 |     239 | 100.0 |       0 |       6 | 100.0
            +---------+---------+-------+---------+---------+-------
